 Dungeon Crawl Stone Soup version 0.24-a0-181-gd121a6d (webtiles) character file.

Game seed: 14595136455220147650

733 DocClef the Ducker (level 7, -9/56 HPs)
             Began as a Gnoll Gladiator on Mar 14, 2019.
             Was an Initiate of Okawaru.
             Killed by nerve-wracking pain
             ... invoked by Grinder
              (10 damage)
             ... on level 4 of the Dungeon.
             The game lasted 00:03:35 (2940 turns).

DocClef the Ducker (Gnoll Gladiator)                Turns: 2940, Time: 00:03:35

Health: -9/56      AC: 10    Str: 18    XL:     7   Next: 74%
Magic:  10/10      EV: 11    Int: 10    God:    Okawaru [......]
Gold:   200        SH:  0    Dex: 17    Spells: 11/11 levels left

rFire    . . .     SeeInvis .   a - +0 quarterstaff
rCold    . . .     Gourm    .   (shield currently unavailable)
rNeg     . . .     Faith    .   j - +0 chain mail
rPois    .         Spirit   .   c - +0 helmet
rElec    .         Reflect  .   (no cloak)
rCorr    .         Harm     .   (no gloves)
MR       .....                  (no boots)
Stlth    ..........             (no amulet)
HPRegen  0.18/turn              (no ring)
MPRegen  0.12/turn              (no ring)

@: no status effects
A: distributed training, fangs 1, strong nose
a: Renounce Religion


You were on level 4 of the Dungeon.
You worshipped Okawaru.
Okawaru was noncommittal.
You were not hungry.

You visited 1 branch of the dungeon, and saw 4 of its levels.

You collected 200 gold pieces.

Inventory:

Hand Weapons
 a - a +0 quarterstaff (weapon)
Missiles
 d - 5 throwing nets (quivered)
 q - 6 tomahawks
Armour
 b - a +0 leather armour
 c - a +0 helmet (worn)
 j - a +0 chain mail (worn)
Wands
 l - a wand of disintegration (14)
Scrolls
 e - 6 scrolls of identify {unknown}
 g - 2 scrolls of teleportation {unknown}
 h - 2 scrolls of amnesia {unknown}
 i - 2 scrolls of enchant armour {unknown}
 k - a scroll of remove curse {unknown}
 m - a scroll of immolation {unknown}
 n - 2 scrolls of enchant weapon {unknown}
 p - a scroll of fear {unknown}
 r - a scroll of magic mapping {unknown}
 t - a scroll of blinking {unknown}
Potions
 o - a potion of cancellation
Comestibles
 f - 9 rations
 s - 2 chunks of flesh


   Skills:
 + Level 5.3 Fighting
 + Level 2.6 Short Blades
 + Level 2.6 Long Blades
 + Level 2.6 Axes
 + Level 2.6 Maces & Flails
 + Level 2.6 Polearms
 + Level 7.1 Staves
 + Level 2.6 Slings
 + Level 2.6 Bows
 + Level 2.6 Crossbows
 + Level 5.3 Throwing
 + Level 2.6 Armour
 + Level 7.1 Dodging
 + Level 2.6 Stealth
 + Level 2.6 Shields
 + Level 2.6 Unarmed Combat
 + Level 2.6 Spellcasting
 + Level 2.1 Conjurations
 + Level 2.1 Hexes
 + Level 2.1 Charms
 + Level 2.1 Summonings
 + Level 2.1 Necromancy
 + Level 2.1 Translocations
 + Level 2.1 Transmutations
 + Level 2.1 Fire Magic
 + Level 2.1 Ice Magic
 + Level 2.1 Air Magic
 + Level 2.1 Earth Magic
 + Level 2.1 Poison Magic
 + Level 2.9 Invocations
 + Level 2.6 Evocations


You had 11 spell levels left.
You didn't know any spells.
Your spell library was empty.

Dungeon Overview and Level Annotations

Branches:
Dungeon (4/15)
 Temple: D:4-7

Altars:
Kikubaaqudgha
Okawaru
Vehumet

Shops:
D:4 *

Annotations:
D:3 Blork the orc
D:4 Grinder


Innate Abilities, Weirdness & Mutations

Your experience applies equally to all skills.
You have very sharp teeth.
Your uncanny sense of smell can sniff out nearby items.


Message History

* * * LOW HITPOINT WARNING * * *
Okay, then.
You sock Grinder!
Grinder is severely wounded.
Grinder hits you.
* * * LOW HITPOINT WARNING * * *
You writhe in agony.
* * * LOW HITPOINT WARNING * * *
Your chain mail prevents you from hitting Grinder.
You bite Grinder.
Grinder is severely wounded.
Grinder hits you.
* * * LOW HITPOINT WARNING * * *
You writhe in agony.
* * * LOW HITPOINT WARNING * * *
You hit Grinder.
Grinder is almost dead.
Grinder gestures at you. Pain shoots through your body!
You die...

∆ ∆ . ∆ ## .. # #.
...##. ###### ...>..#
#.....
.......############.####
.....>5@................
.......############.####
......# #.# ......
#########'#### .....
#............. .....
#...........## ....
#............. ....
#.............
#.............


You could see Grinder.

Vanquished Creatures
  Sigmund (D:3)
  3 ogres (D:4)
  A scorpion (D:2)
  A jelly (D:4)
  Natasha (twice) (D:3)
  A gnoll (D:1)
  8 adders
  A shadow imp (D:3)
  An ooze (D:2)
  2 worms
  3 dart slugs
  4 leopard geckos
  9 orcs
  2 giant cockroaches
  13 goblins
  5 hobgoblins
  4 jackals (D:3)
  A quokka (D:2)
  A ball python (D:3)
  6 bats
  6 frilled lizards
  7 kobolds
  11 rats
93 creatures vanquished.

Vanquished Creatures (others)
  A kobold (D:3)
1 creature vanquished.

Grand Total: 94 creatures vanquished

Notes
Turn   | Place    | Note
-------+----------+-------------------------------------------
     0 | D:1      | DocClef the Gnoll Gladiator began the quest for the Orb.
     0 | D:1      | Reached XP level 1. HP: 20/20 MP: 1/1
   156 | D:1      | Reached XP level 2. HP: 25/26 MP: 2/2
   292 | D:1      | Reached XP level 3. HP: 27/31 MP: 3/3
  1006 | D:2      | Reached skill level 1 in Invocations
  1067 | D:2      | Reached skill level 1 in Short Blades
  1067 | D:2      | Reached skill level 1 in Long Blades
  1067 | D:2      | Reached skill level 1 in Axes
  1067 | D:2      | Reached skill level 1 in Maces & Flails
  1067 | D:2      | Reached skill level 1 in Polearms
  1067 | D:2      | Reached skill level 1 in Slings
  1067 | D:2      | Reached skill level 1 in Bows
  1067 | D:2      | Reached skill level 1 in Crossbows
  1067 | D:2      | Reached skill level 1 in Armour
  1067 | D:2      | Reached skill level 1 in Stealth
  1067 | D:2      | Reached skill level 1 in Shields
  1067 | D:2      | Reached skill level 1 in Unarmed Combat
  1067 | D:2      | Reached skill level 1 in Spellcasting
  1067 | D:2      | Reached skill level 1 in Evocations
  1071 | D:2      | Reached XP level 4. HP: 29/38 MP: 5/5
  1130 | D:2      | Reached skill level 1 in Conjurations
  1130 | D:2      | Reached skill level 1 in Hexes
  1130 | D:2      | Reached skill level 1 in Charms
  1130 | D:2      | Reached skill level 1 in Summonings
  1130 | D:2      | Reached skill level 1 in Necromancy
  1130 | D:2      | Reached skill level 1 in Translocations
  1130 | D:2      | Reached skill level 1 in Transmutations
  1130 | D:2      | Reached skill level 1 in Fire Magic
  1130 | D:2      | Reached skill level 1 in Ice Magic
  1130 | D:2      | Reached skill level 1 in Air Magic
  1130 | D:2      | Reached skill level 1 in Earth Magic
  1130 | D:2      | Reached skill level 1 in Poison Magic
  1130 | D:2      | Reached XP level 5. HP: 38/43 MP: 6/6
  1491 | D:3      | Found a radiant altar of Vehumet.
  1715 | D:3      | Noticed Sigmund
  1727 | D:3      | Killed Sigmund
  1727 | D:3      | Reached skill level 5 in Fighting
  1727 | D:3      | Reached skill level 5 in Throwing
  1727 | D:3      | Reached XP level 6. HP: 33/51 MP: 7/9
  2023 | D:3      | Found an ancient bone altar of Kikubaaqudgha.
  2269 | D:3      | Noticed Natasha
  2271 | D:3      | Noticed Blork the orc
  2276 | D:3      | Killed Natasha
  2318 | D:3      | Noticed Natasha
  2327 | D:3      | Killed Natasha
  2327 | D:3      | Reached XP level 7. HP: 56/56 MP: 10/10
  2344 | D:4      | Found Binaif's Assorted Antiques.
  2406 | D:4      | Found an iron altar of Okawaru.
  2627 | D:4      | Became a worshipper of Warmaster Okawaru
  2914 | D:4      | Noticed Grinder
  2939 | D:4      | HP: 2/56 [Grinder (5)]
  2940 | D:4      | Killed from afar by Grinder

Levels and vault maps discovered:
D:1:      minmay_arrival_stair_chambers, layout_basic, serial_forest,
          infiniplex_forest_end_2, infiniplex_forest_zigzag_1,
          infiniplex_forest_zigzag_1, infiniplex_forest_clump_small,
          infiniplex_forest_lined_room_2, infiniplex_forest_clump_long,
          infiniplex_forest_clump_medium, infiniplex_forest_lined_2,
          infiniplex_forest_side_room, infiniplex_forest_lined_room_2
D:2:      layout_rooms
D:3:      layout_rooms, kiku_gazebo_garden_becter, tso_oasis_becter,
          fiery_altar_vehumet, tgw_sif, uniq_natasha, uniq_sigmund
D:4:      layout_basic, ashenzari_conservatory_becter,
          lemuel_coloured_pillars_altar, serial_shops, nicolae_shop_statue_plus,
          okawaru_ov_weapons_minmay, uniq_grinder, uniq_blork_the_orc

Skill      XL: |  1  2  3  4  5  6  7 |
---------------+----------------------+-----
Invocations    | 1 2 |  2.9
Short Blades   | 1 2 |  2.6
Long Blades    | 1 2 |  2.6
Axes           | 1 2 |  2.6
Maces & Flails | 1 2 |  2.6
Polearms       | 1 2 |  2.6
Slings         | 1 2 |  2.6
Bows           | 1 2 |  2.6
Crossbows      | 1 2 |  2.6
Armour         | 1 2 |  2.6
Stealth        | 1 2 |  2.6
Shields        | 1 2 |  2.6
Unarmed Combat | 1 2 |  2.6
Spellcasting   | 1 2 |  2.6
Evocations     | 1 2 |  2.6
Conjurations   | 1 2 |  2.1
Hexes          | 1 2 |  2.1
Charms         | 1 2 |  2.1
Summonings     | 1 2 |  2.1
Necromancy     | 1 2 |  2.1
Translocations | 1 2 |  2.1
Transmutations | 1 2 |  2.1
Fire Magic     | 1 2 |  2.1
Ice Magic      | 1 2 |  2.1
Air Magic      | 1 2 |  2.1
Earth Magic    | 1 2 |  2.1
Poison Magic   | 1 2 |  2.1
Fighting       | 5 |  5.3
Throwing       | 5 |  5.3
Staves         | 7 |  7.1
Dodging        | 7 |  7.1

Action                   |  1- 3 |  4- 6 |  7- 9 || total
-------------------------+-------+-------+-------++-------
Melee: Quarterstaff      |    87 |   179 |    64 ||   330
       Bite              |     9 |    17 |    10 ||    36
  Use: Potion            |       |     3 |       ||     3
  Eat: Chunk             |       |     4 |     3 ||     7
Armor: Leather armour    |    16 |       |       ||    16
       Chain mail        |     8 |   120 |    15 ||   143
Dodge: Dodged            |    91 |   124 |    25 ||   240

Table legend:
 A = Non-vault XP
 B = Vault XP
 C = Vault XP percentage of total XP
 D = Non-vault monster count
 E = Vault monster count
 F = Vault count percentage of total count
                 A         B        C        D         E       F
            +---------+---------+-------+---------+---------+-------
      Total |     789 |     259 |  24.7 |      91 |       2 |   2.2
            +---------+---------+-------+---------+---------+-------
        D:1 |      46 |       0 |   0.0 |      19 |       0 |   0.0
        D:2 |     143 |       0 |   0.0 |      22 |       0 |   0.0
        D:3 |     175 |     259 |  59.7 |      39 |       2 |   4.9
        D:4 |     425 |       0 |   0.0 |      11 |       0 |   0.0
            +---------+---------+-------+---------+---------+-------
